 Dungeon Crawl Stone Soup version 0.19.0-11-g3fc08b3 (console) character file.

25 lynn the Shield-Bearer (level 3, 0/30 HPs)
             Began as a Formicid Fighter on Nov 8, 2016.
             Slain by a goblin
             ... wielding a +0 club
             ... led by Robin
              (2 damage)
             ... on level 2 of the Dungeon.
             The game lasted 00:00:12 (489 turns).

lynn the Shield-Bearer (Formicid Fighter)            Turns: 489, Time: 00:00:12

Health: 0/30       AC:  6    Str: 20    XL:     3   Next: 20%
Magic:  3/3        EV:  8    Int:  7    God:
Gold:   70         SH:  9    Dex: 11    Spells: 0 memorised, 2 levels left

rFire  . . .     SeeInvis +     a - +0 war axe
rCold  . . .     Gourm    .     b - +0 scale mail
rNeg   . . .     Faith    .     c - +0 shield
rPois  .         Spirit   .     (helmet unavailable)
rElec  .         Reflect  .     (no cloak)
rCorr  .         Harm     .     (no gloves)
MR     .....                    (no boots)
Stlth  ..........               (no amulet)
                                (no ring)
                                (no ring)

@: no status effects
A: permanent stasis, dig shafts and tunnels, four strong arms, antennae 3
a: Dig, Shaft Self


You were on level 2 of the Dungeon.
You were not hungry.

You visited 1 branch of the dungeon, and saw 2 of its levels.

You collected 70 gold pieces.

Inventory:

Hand Weapons
 a - a +0 war axe (weapon)
Armour
 b - a +0 scale mail (worn)
 c - a +0 shield (worn)
 l - a +0 pair of boots
Scrolls
 e - a scroll of identify {unknown}
 g - 2 scrolls of remove curse {unknown}
 j - a scroll of immolation {unknown}
 n - a scroll of amnesia {unknown}
Potions
 d - a potion of might
 i - a potion of lignification {unknown}
 k - a potion of haste {unknown}
Comestibles
 f - a bread ration
 h - a beef jerky
 m - a chunk of flesh


   Skills:
 + Level 3.8 Fighting
 + Level 2.5 Axes
 - Level 3.2 Armour
 + Level 4.1 Shields


You had 2 spell levels left.
You didn't know any spells.

Dungeon Overview and Level Annotations

Branches:
Dungeon (2/15)

Altars:

Annotations:
D:2 Robin


Innate Abilities, Weirdness & Mutations

You are under a permanent stasis effect.
You can dig through walls and to a lower floor.
Your four strong arms can wield two-handed weapons with a shield.
You have a pair of large antennae on your head. (SInv)


Message History

You hit the goblin but do no damage. You slash the goblin!
You kill the goblin!
You block the goblin's attack.
Robin's bangles clink loudly.
Robin hits you from afar with a spear of piercing.
Unknown command.
There are monsters nearby!
You are too injured to fight recklessly!
You barely miss the goblin.
Robin flexes a bicep menacingly.
Robin closely misses you. You block the goblin's attack.
Robin throws the goblin at you! You block the goblin's attack.
Unknown command.
There are monsters nearby!
Your shield and scale mail prevent you from hitting the worm.
Your shield prevents you from hitting the goblin.
Robin hits you from afar with a spear of piercing!
* * * LOW HITPOINT WARNING * * *
x2 The goblin hits you with a club.
You die...

#.#.#.......#
#######.#.###.#####
................... ##
######.#.###)##### ...
#.#.# #.# .... #.#.# #.#
..... #.#.# #.#
...$.b######.#.###.###
.....rw@g)...#.......#
.....g######.#####.#.###
..... { #.#...#.#....
.... ..#.#.#.<..## 8..
#.#.#.#....## ..
#?#.#.#....## .
#l#.#.#......
.#.#.#..#.## #.#.#..#.#


You could see a worm, Robin, a goblin, a bat and a rat.

Vanquished Creatures
  An ooze (D:1)
  A leopard gecko (D:2)
  A giant cockroach (D:1)
  9 goblins (D:2)
  2 bats
  A frilled lizard (D:1)
  A kobold (D:2)
  3 rats (D:1)
19 creatures vanquished.

Notes
Turn   | Place    | Note
-------+----------+-------------------------------------------
     0 | D:1      | lynn the Formicid Fighter began the quest for the Orb.
     0 | D:1      | Reached XP level 1. HP: 18/18 MP: 1/1
    85 | D:1      | Reached XP level 2. HP: 19/24 MP: 2/2
   459 | D:2      | Noticed Robin
   480 | D:2      | Reached XP level 3. HP: 23/30 MP: 3/3
   481 | D:2      | Reached skill level 4 in Shields
   489 | D:2      | Slain by a goblin

Skill      XL: |  1  2  3 |
---------------+----------+-----
Shields        | 4 |  4.1
Fighting       | |  3.8
Axes           | |  2.5
Armour         | |  3.2

Action                   || total
-------------------------++-------
Melee: War axe           ||    52
Armor: Scale mail        ||    36
Dodge: Dodged            ||    25
Block: Shield            ||    46

Vault maps used:
D:1:      ncdulo_lavacross
D:2:      wad_pebble_path, uniq_jessica, uniq_robin, uniq_iyjb
